 Dungeon Sprint DCSS version 0.27.1 (webtiles) character file.

Game seed: 1509144518208092164

0 styxcanada the Sneak (level 1, 0/10 HPs)
             Began as a Spriggan Brigand on Aug 29, 2021.
             Slain by a river rat (5 damage)
             ... in the Dungeon (Sprint IV: "Fedhas' Mad Dash").
             The game lasted 00:00:25 (19 turns).

styxcanada the Sneak (Spriggan Brigand)               Turns: 19, Time: 00:00:25

Health: 0/10       AC:  3    Str:  7    XL:     1   Next: 0%
Magic:  2/2        EV: 16    Int: 12    God:
Gold:   0          SH:  0    Dex: 16    Spells: 0/0 levels left

rFire    . . .     SeeInvis +   a - +2 dagger
rCold    . . .     Faith    .   (shield restricted)
rNeg     . . .     Spirit   .   b - +0 robe
rPois    .         Reflect  .   (helmet restricted)
rElec    .         Harm     .   c - +0 cloak
rCorr    .         Rampage  .   (gloves unavailable)
Will     .....     NoTele   +   (boots unavailable)
Stlth    +++.......             (no amulet)
HPRegen  0.03/turn              (no ring)
MPRegen  0.08/turn              (no ring)

@: very quick
A: very small, no large weapons, unfitting armour, see invisible, speed 3
a: no special abilities


You were in the Dungeon.
You visited 1 branch

Inventory:

Hand Weapons
 a - a +2 dagger (weapon)
Missiles
 e - a curare-tipped dart (quivered)
Armour
 b - a +0 robe (worn)
 c - a +0 cloak (worn)
Scrolls
 k - a scroll of blinking
Potions
 f - a potion of curing
 g - a potion of heal wounds
 h - a potion of haste
 i - 2 potions of magic
 j - a potion of berserk rage


   Skills:
 * Level 1.5 Fighting
 + Level 2.1 Short Blades
 + Level 2.0 Throwing
 * Level 1.3 Dodging
 * Level 5.8 Stealth


You couldn't memorise any spells.
You didn't know any spells.
Your spell library was empty.

Dungeon Overview and Level Annotations

Branches:
Dungeon (1/1)

Altars:


Innate Abilities, Weirdness & Mutations

You are very small and have problems with some larger weapons.
You are too small for most types of armour.
You have supernaturally acute eyesight. (SInv)
You cover ground extremely quickly. (Speed+++)


Message History

Press: ? - help, Q - select action, (/) - cycle Shift-Dir - straight line, f/p - river rat
Aim: a river rat (lightly wounded, poisoned, 57% to hit)
You throw a poisoned dart. The poisoned dart hits the river rat.
The river rat looks even sicker.
The river rat is lightly wounded.
The river rat closely misses you.
The rat twitches its whiskers.
The rat bites the fungus.
The fungus begins to die.
There is a staircase leading out of the dungeon here.
Throw: 3 darts (poison)
Press: ? - help, Q - select action, (/) - cycle Shift-Dir - straight line, f/p - river rat
Aim: a river rat (lightly wounded, very poisoned, 57% to hit)
You throw a poisoned dart. The poisoned dart hits the river rat.
The river rat looks even sicker.
The river rat is lightly wounded.
Throw: 2 darts (poison)
Press: ? - help, Q - select action, (/) - cycle Shift-Dir - straight line, f/p - river rat
Aim: a river rat (heavily wounded, very poisoned, 57% to hit)
You throw a poisoned dart.
The poisoned dart barely misses the river rat.
The poisoned dart hits the fungus.
The river rat bites you.
Throw: dart (poison)
Press: ? - help, Q - select action, (/) - cycle Shift-Dir - straight line, f/p - river rat
Aim: a river rat (heavily wounded, very poisoned, 57% to hit)
You throw a poisoned dart.
The poisoned dart barely misses the river rat.
The poisoned dart hits the rat.
The rat is poisoned.
The river rat bites you.
The rat bites the fungus.
The fungus begins to die.
Throw: 2 darts (curare)
Press: ? - help, Q - select action Shift-Dir - straight line, f/p - river rat
Aim: a river rat (heavily wounded, very poisoned, 57% to hit)
You throw a curare-tipped dart.
The curare-tipped dart closely misses the river rat.
The curare-tipped dart hits the rat.
The rat looks even sicker.
The rat convulses.
You kill the rat!
A nearby fungus withers and dies.
The river rat bites you.
Ouch! That really hurt!
You die...

############
#@r(P#.....#
#PP.('(!..(+
#PPP.#....(#
############


You could see a river rat (very poisoned).

Vanquished Creatures
  A rat (D)
1 creature vanquished.

Vanquished Creatures (others)
  A fungus (D)
1 creature vanquished.

Grand Total: 2 creatures vanquished

Notes
Turn   | Place    | Note
-------+----------+-------------------------------------------
     0 | D        | styxcanada the Spriggan Brigand began the quest for the
                  | Orb.
     0 | D        | Reached XP level 1. HP: 10/10 MP: 2/2
    19 | D        | Slain by a river rat

Illustrated notes

Levels and vault maps discovered:
D:        dungeon_sprint_fedhas [sprint_temple]

Action                   || total
-------------------------++-------
Throw: Dart              ||     9
Dodge: Dodged            ||     2
